 Dungeon Crawl Stone Soup version 0.29.1-1-gd02db6906a (webtiles) character file.

Game seed: 2986713273502626082

3 Draeca the Vexing (level 1, 0/9 HPs)
             Began as a Vine Stalker Arcane Marksman on Oct 6, 2022.
             Slain by a hobgoblin (1 damage)
             ... on level 1 of the Dungeon.
             The game lasted 00:06:06 (323 turns).

Draeca the Vexing (Vine Stalker Arcane Marksman)     Turns: 323, Time: 00:06:06

Health: 0/9        AC:  2    Str: 12    XL:     1   Next: 50%
Magic:  0/3        EV: 12    Int: 13    God:
Gold:   14         SH:  0    Dex: 14    Spells: 1/2 levels left

rFire   . . .      SeeInvis .   (no weapon)
rCold   . . .      Faith    .   (no shield)
rNeg    . . .      Spirit   +   c - +0 robe
rPois   .          Reflect  .   (no helmet)
rElec   .          Harm     .   d - scarf {+Inv}
rCorr   .          Rampage  .   (no gloves)
Will    .....                   (no boots)
Stlth   +.........              (no amulet)
HPRegen 0.03/turn               (no ring)
MPRegen 0.08/turn               (no ring)

@: no status effects
A: fangs 2, magic shield, antimagic bite, no potion heal 2
a: Evoke Invisibility


You were on level 1 of the Dungeon.
You visited 1 branch of the dungeon, and saw 1 of its levels.

You collected 14 gold pieces.

Inventory:

Hand Weapons
 a - a +1 sling
Armour
 c - a +0 robe (worn)
 d - a scarf of invisibility (worn)
Scrolls
 b - a scroll of poison
 e - a scroll of enchant weapon {unknown}
 f - a scroll of noise {unknown}
 h - 2 scrolls of identify {unknown}
Potions
 g - a potion of lignification {unknown}


   Skills:
 + Level 0.9 Fighting
 + Level 1.8 Ranged Weapons
 + Level 1.6 Dodging
 + Level 0.2 Stealth
 + Level 0.0 Unarmed Combat
 + Level 1.2 Spellcasting
 + Level 3.0 Hexes


You had one spell level left.
You knew the following spells:

 Your Spells              Type           Power      Damage    Failure   Level
a - Slow                  Hex            32%        N/A       8%          1

Your spell library contained the following spells:

 Spells                   Type           Power      Damage    Failure   Level
 Inner Flame              Hex/Fire       4%         N/A       41%         3
 Portal Projectile        Hex/Tloc       8%         N/A       41%         3
 Cause Fear               Hex            4%         N/A       61%         4


Dungeon Overview and Level Annotations

Branches:
Dungeon (1/15)

Altars:


Innate Abilities, Weirdness & Mutations

You have extremely sharp teeth.
When hurt, damage is shared between your health and your magic reserves.
Your bite disrupts and absorbs the magic of your enemies.
Potions cannot restore your health.


Message History

Press: ? - help, Q - select action, (/) - cycle Shift-Dir - straight line, f/p - bat
Aim: a bat (moderately wounded, 39% to hit)
You shoot a sling bullet.
The sling bullet closely misses the bat.
The bat misses you. The bat hits you but does no damage.
Fire: a) +1 sling
Press: ? - help, Q - select action, (/) - cycle Shift-Dir - straight line, f/p - bat
Aim: a bat (39% to hit)
You shoot a sling bullet. The sling bullet hits the bat.
You kill the bat!
g - a bubbling blue potion You see here a bat corpse.
You see here a bat corpse.
h - 2 scrolls labelled GETESAQEQU You open the door.
A hobgoblin comes into view.
There is an open door here.
The hobgoblin shouts!
Fire: a) +1 sling
Press: ? - help, Q - select action, (/) - cycle Shift-Dir - straight line, f - hobgoblin
Aim: a hobgoblin (56% to hit)
You shoot a sling bullet.
The sling bullet hits the hobgoblin but does no damage.
The hobgoblin hits you. x2
* * * LOW HITPOINT WARNING * * *
Really attack while wielding your +1 sling? [Y]es or [N]o only, please.
Really attack while wielding your +1 sling?
Okay, then.
Okay, then.
The hobgoblin barely misses you.
You are now empty-handed.
You hit the hobgoblin but do no damage. You bite the hobgoblin.
You drain its power.
You feel invigorated.
The hobgoblin is severely wounded.
The hobgoblin hits you but does no damage.
You barely miss the hobgoblin. Your bite misses the hobgoblin.
The hobgoblin is severely wounded.
The hobgoblin hits you.
You die...

# ##.##
# ##.##
# #8.8#
# ##.##
# ##.##
#8.8#
##.##
#.###'#
#...g@#
#######


You could see a hobgoblin.

Vanquished Creatures
  A kobold (D:1)
  A bat (D:1)
  A frilled lizard (D:1)
  A rat (D:1)
4 creatures vanquished.

Notes
Turn   | Place    | Note
-------+----------+-------------------------------------------
     0 | D:1      | Draeca the Vine Stalker Arcane Marksman began the quest for
                  | the Orb.
     0 | D:1      | Reached XP level 1. HP: 9/9 MP: 3/3
   323 | D:1      | Slain by a hobgoblin

Illustrated notes

Levels and vault maps discovered:
D:1:      nicolae_arrival_somewhat_less_tricky_arrival, layout_rooms,
          dk_noncrumbling_2

Action                   || total
-------------------------++-------
Melee: Unarmed           ||     2
       Bite              ||     1
 Fire: Sling             ||    13
Armor: Robe              ||     4
Dodge: Dodged            ||     9
